 Dungeon Crawl Stone Soup version 0.31-a0-263-ge8cad7f256 (webtiles) character file.

Game seed: 8869589933818650731

256 qw the Shooter (level 5, -2/46 HPs)
             Began as a Minotaur Hexslinger on July 13, 2023.
             Slain by Robin
             ... wielding a +0 trident
              (6 damage)
             ... on level 4 of the Dungeon.
             The game lasted 00:01:15 (2658 turns).

qw the Shooter (Minotaur Hexslinger)                Turns: 2658, Time: 00:01:15

Health: -2/46      AC:  2    Str: 13    XL:     5   Next: 92%
Magic:  5/5        EV: 12    Int: 10    God:
Gold:   194        SH:  0    Dex: 14    Spells: 5/6 levels left

rFire   . . .        Y - +1 sling
rCold   . . .        (no shield)
rNeg    . . .        c - +0 robe
rPois   +            (helmet restricted)
rElec   .            h - scarf {repulsion}
rCorr   .            (no gloves)
SInv    .            (no boots)
Will    .....        (no amulet)
Stlth   +            d - ring of poison resistance
HPRegen 0.27/turn    (no ring)
MPRegen 0.09/turn

%: repel missiles
@: no status effects
A: horns 2, retaliatory headbutt
a: no special abilities


You were on level 4 of the Dungeon.
You visited 1 branch of the dungeon, and saw 4 of its levels.

You collected 194 gold pieces.


Innate Abilities, Weirdness & Mutations

You have a pair of horns on your head.
You reflexively headbutt those who attack you in melee.


   Skills:
 + Level 3.8 Fighting
 - Level 6.0 Ranged Weapons
 - Level 2.1 Dodging
 - Level 1.0 Spellcasting
 - Level 2.0 Hexes


You had 5 spell levels left.
You knew the following spells:

 Your Spells              Type           Power      Damage    Failure   Level
a - Slow                  Hex            16%        N/A       16%         1

Your spell library contained the following spells:

 Spells                   Type           Power      Damage    Failure   Level
 Inner Flame              Hex/Fire       2%         N/A       56%         3
 Portal Projectile        Hex/Tloc       4%         N/A       56%         3
 Cause Fear               Hex            2%         N/A       83%         4

Inventory:

Hand Weapons
 Y - a +1 sling (weapon)
Armour
 c - a +0 robe (worn)
 h - a scarf of repulsion (worn)
Jewellery
 d - a ring of poison resistance (left hand)
Scrolls
 a - 2 scrolls of identify
Potions
 b - a potion of invisibility {unknown}
 e - 4 potions of curing
 f - 2 potions of magic {unknown}
 g - a potion of ambrosia {unknown}
 i - a potion of resistance {unknown}
 j - a potion of degeneration {unknown}

Dungeon Overview and Level Annotations

Branches:
Dungeon (4/15)
 Temple: D:4-7

Altars:

Shops:
D:2 (   D:4 =

Annotations:
D:3 2 transporters
D:4 Robin


Message History

You shoot a sling bullet.
The sling bullet closely misses the goblin.
Robin throws the goblin at you!
A hobgoblin comes into view.
The goblin barely misses you. The goblin hits you with a +0 club.
You shoot a sling bullet. The hobgoblin shouts!
The sling bullet hits the goblin.
You kill the goblin!
The goblin hits you with a +0 club.
You shoot a sling bullet.
The sling bullet closely misses the hobgoblin.
The sling bullet hits the hobgoblin.
You kill the hobgoblin!
The hobgoblin hits you. The goblin hits you with a +0 club.
You shoot a sling bullet.
The sling bullet closely misses the hobgoblin.
The hobgoblin hits you. The goblin closely misses you.
A hobgoblin comes into view.
You shoot a sling bullet.
The sling bullet hits the hobgoblin but does no damage.
The hobgoblin is moderately wounded.
The hobgoblin hits you.
A goblin comes into view. It is wielding a +2 dagger of venom.
The goblin hits you with a +0 club. The goblin hits you with a +0 dagger.
You shoot a sling bullet. The sling bullet hits the hobgoblin.
The hobgoblin is heavily wounded.
The hobgoblin misses you. You furiously retaliate!
You headbutt the hobgoblin!
You kill the hobgoblin!
The hobgoblin hits you. The goblin closely misses you.
The goblin hits you with a +0 dagger. The goblin hits you with a +0 club.
The goblin hits you with a +0 dagger. The hobgoblin barely misses you.
The hobgoblin hits you.
A hobgoblin comes into view.
You shoot a sling bullet.
The sling bullet barely misses the hobgoblin.
The hobgoblin shouts!
You hear a shout!
Robin hits you from afar with a +0 trident.
You die...

#)..%........#
##.)#.....##... (.
##..#..........##.. #
#..............#.. g.
##.......####...(. g.
#.#.....###.. ..# .##
####.....#...
#.##...#
#.....###.###ggg...#.
#....###...#.@g....%.
##....###....g...###.
#....#...##........#
#....)..#........#.#
#...#...###>.....# #
#...#....#.........
#####........##.....
#........# ##...
.......<##


You could see Robin, 3 hobgoblins and 3 goblins.

Vanquished Creatures
  Jessica (D:3)
  Natasha (thrice) (D:4)
  5 adders
  An ufetubus (D:4)
  4 worms
  3 dart slugs
  7 orcs (D:3)
  5 bats
  9 endoplasms
  8 goblins
  11 hobgoblins
  2 quokkas (D:1)
  8 ball pythons
  5 frilled lizards
  6 kobolds
  7 rats
85 creatures vanquished.

Notes
Turn   | Place    | Note
-------+----------+-------------------------------------------
     0 | D:1      | qw the Minotaur Hexslinger began the quest for the Orb.
     0 | D:1      | Reached XP level 1. HP: 16/16 MP: 1/1
     0 | D:1      | 0 ||| qw: Version: 0.3-a-52-g30416fa
     0 | D:1      | 0 ||| qw: Game counter: 7155
     0 | D:1      | 0 ||| qw: Melee chars always use a shield: true
     0 | D:1      | 0 ||| qw: God list: Okawaru
     0 | D:1      | 0 ||| qw: Allow faded altars: false
     0 | D:1      | 0 ||| qw: Do Orc after clearing Dungeon:15 true
     0 | D:1      | 0 ||| qw: Do second Lair branch before Depths: true
     0 | D:1      | 0 ||| qw: Lair rune preference: random
     0 | D:1      | 0 ||| qw: Goals: Normal
     0 | D:1      | 0 ||| PLANNING D:1-11
   314 | D:1      | HP: 3/16 [hobgoblin (2)]
   316 | D:1      | Reached skill level 3 in Ranged Weapons
   316 | D:1      | Reached XP level 2. HP: 5/23 MP: 2/2
   480 | D:1      | You fall into a shaft and drop 1 floor!
   496 | D:2      | Found Puppiq's Antique Weapon Shoppe.
   518 | D:2      | 518 ||| SHOPLISTING fine sling (201 gold, have 12).
   518 | D:2      | 518 ||| SHOPLISTING orcbow (108 gold, have 12).
   589 | D:2      | Reached XP level 3. HP: 29/29 MP: 3/3
   608 | D:2      | 608 ||| READING scroll labelled TOCRYTU BAEFOF.
   609 | D:2      | 609 ||| READING 2 scrolls labelled VAS COT ISAA.
   610 | D:2      | 610 ||| READING scroll labelled MIURHI FIBIWN.
   611 | D:2      | 611 ||| DRINKING 3 clear potions.
   612 | D:2      | 612 ||| DRINKING 2 fuming black potions.
   613 | D:2      | 613 ||| DROPPING scroll of poison.
   614 | D:2      | 614 ||| DROPPING scroll of fog.
   919 | D:1      | Found a faded altar of an unknown god.
  1060 | D:1      | Reached skill level 4 in Ranged Weapons
  1218 | D:1      | 1218 ||| READING scroll labelled VYPUWA FIZOL.
  1520 | D:2      | Reached XP level 4. HP: 36/36 MP: 4/4
  1687 | D:2      | 1687 ||| UPGRADING to scarf of repulsion.
  1692 | D:2      | 1692 ||| READING scroll labelled ROTUES HOIPTE.
  1693 | D:2      | 1693 ||| READING scroll labelled KUHIYSTORIF.
  1727 | D:3      | Reached skill level 5 in Ranged Weapons
  1746 | D:3      | Found a transporter.
  1747 | D:3      | Noticed Jessica
  1753 | D:3      | Killed Jessica
  1767 | D:3      | Reached skill level 3 in Fighting
  1797 | D:3      | HP: 9/38 [frozen (4)]
  1798 | D:3      | 1798 ||| DRINKING potion of heal wounds.
  1818 | D:3      | 1818 ||| FLEEEEING.
  1829 | D:3      | Reached XP level 5. HP: 22/45 MP: 5/5
  2003 | D:3      | Found a transporter.
  2259 | D:3      | 2259 ||| UPGRADING to ring of poison resistance.
  2287 | D:4      | Noticed Natasha
  2293 | D:4      | Killed Natasha
  2355 | D:4      | Found Omuuttuw's Jewellery Shop.
  2365 | D:4      | 2365 ||| SHOPLISTING +4 ring of protection (360 gold, have
                  | 171).
  2365 | D:4      | 2365 ||| SHOPLISTING +4 ring of slaying (780 gold, have
                  | 171).
  2365 | D:4      | 2365 ||| SHOPLISTING +6 ring of dexterity (360 gold, have
                  | 171).
  2365 | D:4      | 2365 ||| SHOPLISTING +6 ring of strength (360 gold, have
                  | 171).
  2365 | D:4      | 2365 ||| SHOPLISTING amulet of reflection (300 gold, have
                  | 171).
  2470 | D:4      | Noticed Natasha
  2475 | D:4      | Killed Natasha
  2476 | D:4      | Reached skill level 6 in Ranged Weapons
  2540 | D:4      | Noticed Natasha
  2551 | D:4      | Killed Natasha
  2649 | D:4      | Noticed Robin
  2657 | D:4      | HP: 8/46 [goblin/+0 dagger[Robin] (4)]
  2658 | D:4      | Slain by Robin

Levels and vault maps discovered:
D:1:      lightli_arrival_chessboard, layout_basic,
          shapermc_ecumenical_altar_venn, minmay_parallelograms
D:2:      layout_loops_ring, serial_shops, nicolae_diamond_shop
D:3:      gammafunk_steamed_eel, layout_rooms, uniq_jessica
D:4:      layout_cave_pools, minmay_shop_enchanted_jewellery,
          grunt_ministairs_5, uniq_robin, uniq_natasha

Skill      XL: |  1  2  3  4  5 |
---------------+----------------+-----
Ranged Weapons | 3 4 5 6 |  6.0
Fighting       | 2 3 |  3.8
Dodging        | |  2.1
Spellcasting   | |  1.0
Hexes          | |  2.0

Action                     |  1- 3 |  4- 6 || total
---------------------------+-------+-------++-------
   Fire: Sling             |   137 |   173 ||   310
    Use: Scroll            |     4 |     2 ||     6
         Potion            |     2 |     1 ||     3
 Armour: Robe              |     4 |     9 ||    13
  Dodge: Dodged            |    37 |    47 ||    84

Table legend:
 A = Non-vault XP
 B = Vault XP
 C = Vault XP percentage of total XP
 D = Non-vault monster count
 E = Vault monster count
 F = Vault count percentage of total count
                 A         B        C        D         E       F
            +---------+---------+-------+---------+---------+-------
      Total |     290 |      77 |  21.0 |      80 |       5 |   5.9
            +---------+---------+-------+---------+---------+-------
        D:1 |      41 |       0 |   0.0 |      24 |       0 |   0.0
        D:2 |      91 |       0 |   0.0 |      24 |       0 |   0.0
        D:3 |      53 |      37 |  41.1 |      22 |       1 |   4.3
        D:4 |     105 |      40 |  27.6 |      10 |       4 |  28.6
            +---------+---------+-------+---------+---------+-------
